Cogmind - Beta 17.1 @@@ ROGUE MODE // 2026.09.23 @ 09:29:56 Player: Lazz Result: Destroyed by G-47 Trooper with Particle Gun Performance ------------- Evolutions (2) 1000 Regions Visited (3) 600 Robots Destroyed (16) 80 Value Destroyed (225) 225 Prototype IDs (1) 20 Alien Tech Used (0) 0 Bonus (0) 0 TOTAL SCORE: 1925 Bonus ------- None Cogmind --------- Core Integrity 0/550 Matter 107/300 Energy 99/100 System Corruption 0% Temperature Cool (9) Movement Core (50) Location -8/Materials Parts ------- > --- POWER (2) -------- (None) > --- PROPULSION (4) --- (None) > --- UTILITY (3) ------ (None) > --- WEAPON (2) ------- (None) > --- INVENTORY (5) ---- Weight Redist. System Minigun Rocket Launcher Rocket Launcher Heavy Mace Peak State ------------ > --- POWER ------------ (None) > --- PROPULSION ------- Aerolev Unit Flight Unit > --- UTILITY ---------- Seismic Detector > --- WEAPON ----------- (None) > --- INVENTORY -------- Weight Redist. System Rocket Launcher [Rating: 6] Favorites ----------- Power None Propulsion Flight Unit Wheel Compact Wheel Hover Unit Airjet Flight Unit Flight Unit Utility Seismic Detector Device Seismic Detector Weapon Small Laser Energy Gun Small Laser Ballistic Gun Assault Rifle Launcher Rocket Launcher Build | -11 -10 -9 -8 ------- Run | Yrd Mat Mat Mat Slots Evolved 4 | . . 2 2 Power 1 | . . . 1 Propulsion 2 | . . 1 1 Utility 1 | . . 1 . Weapon . | . . . . Parts Attached 12 | 2 3 4 3 Power . | . . . . Engine . | . . . . Core . | . . . . Reactor . | . . . . Propulsion 8 | . 3 2 3 Treads . | . . . . Leg . | . . . . Wheel 1 | . 1 . . Hover 2 | . . . 2 Flight 5 | . 2 2 1 Utility 1 | . . 1 . Device 1 | . . 1 . Storage . | . . . . Processor . | . . . . Hackware . | . . . . Protection . | . . . . Artifact . | . . . . Weapon 3 | 2 . 1 . Energy Gun 1 | 1 . . . Energy Cannon . | . . . . Ballistic Gun 1 | 1 . . . Ballistic Cannon . | . . . . Launcher 1 | . . 1 . Special Weapon . | . . . . Impact Weapon . | . . . . Slashing Weapon . | . . . . Piercing Weapon . | . . . . Special Melee Weapon . | . . . . Unidentified Prototypes 1 | . . . 1 Parts Lost 6 | . . 2 4 Power . | . . . . Propulsion 5 | . . 2 3 Utility 1 | . . . 1 Weapon . | . . . . Highest Loss Streak 2 | . . 1 2 To Critical Strikes . | . . . . Average Backups 2 | 3 3 1 3 Power . | . . . . Propulsion . | 1 1 . . Utility 1 | . 2 . 1 Weapon 1 | . . . 2 Tool/Special . | . . . . Unused Backups 7 | 2 . 1 4 Power 1 | 1 . . . Propulsion 1 | 1 . . . Utility 2 | . . 1 1 Weapon 3 | . . . 3 Tool/Special . | . . . . Average Slot Usage (%) 25 | . 34 31 9 Wheel 2 | . 6 . . Flight 10 | . 7 20 3 Device 4 | . . 10 3 Energy Gun 3 | . 10 . . Ballistic Gun 3 | . 10 . . Peak Build Rating 6 | 2 4 5 6 Average Rating 2 | 1 2 3 1 On Entrance . | . . . . Avg Prop Armor Cover (%) 9 | . . 9 . Naked Turns 60 | . 19 1 40 Heaviest Build 4 | 3 3 1 4 Greatest Support 16 | 3 16 12 8 Greatest Overweight (x) 1 | . . . 1 Average Overweight (x) . | . . . . Largest Inventory Capacity 5 | 5 5 5 5 Average Capacity 5 | 5 5 5 5 Most Carried 5 | 5 5 4 5 Average Carried 2 | 3 3 1 3 Final Capacity 5 | 5 5 5 5 Final Carried 5 | 5 5 4 5 Class Distribution -------------------- 90% | Mutant 9% | Scavenger-Mutant Dominant Class ---------------- Mutant | -10/Materials Mutant | -9/Materials Mutant | -8/Materials Resources | -11 -10 -9 -8 ----------- Run | Yrd Mat Mat Mat Matter Collected 321 | 256 65 . . Remotely . | . . . . Salvage Created 312 | 158 84 58 12 Parts 37 | 15 14 2 6 Haulers Intercepted . | . . . . Recyclers Shooed . | . . . . Parts Field Recycled . | . . . . Retrieved Matter . | . . . . Parts Self-Destructed . | . . . . Prevented . | . . . . Parts Restored . | . . . . Kills | -11 -10 -9 -8 ------- Run | Yrd Mat Mat Mat Combat Hostiles Destroyed 9 | . 3 2 4 Guns 3 | . 3 . . AOE 6 | . . 2 4 Classes Destroyed 6 | 2 3 1 . Builder 1 | . 1 . . Tunneler 4 | 4 . . . Recycler 1 | 1 . . . Operator 1 | . 1 . . Swarmer 7 | . 3 . 4 Sentry 2 | . . 2 . Best Kill Streak 4 | 3 4 2 4 Combat Bots Only 4 | . 3 2 4 Max Kills in Single Turn 3 | 1 1 1 3 Gunslinging . | . . . . Exploded 3 | . . 1 3 Melee . | . . . . Uniques/NPCs Destroyed . | . . . . Combat | -11 -10 -9 -8 -------- Run | Yrd Mat Mat Mat Hostile Shots Fired 104 | . 25 21 58 Missed 49 | . 11 13 25 Hits 55 | . 14 8 33 Projectile 55 | . 14 8 33 Critical Strikes 4 | . . 1 3 Damage Taken 889 | . 118 119 652 Core 675 | . 69 54 552 Absorbed by Shields . | . . . . Core Remaining (%) 86 | 100 72 86 . Volleys Fired 28 | 12 6 6 4 Largest 2 | 2 2 1 1 Hottest 60 | 60 60 33 33 Shots Fired 46 | 24 12 6 4 Gun 36 | 24 12 . . Cannon . | . . . . Launcher 10 | . . 6 4 Special . | . . . . Kinetic 18 | 12 6 . . Thermal 18 | 12 6 . . Explosive 10 | . . 6 4 Electromagnetic . | . . . . Robot Hit Streak 7 | 5 3 7 3 Robot Miss Streak 3 | 3 2 . 1 Penetration Max . | . . . . Secondary Targets 1 | . 1 . . Max Gunslinging Chain 1 | . 1 . . Shots Hit Robots 27 | 11 7 6 3 Core Hits 20 | 6 5 5 4 Critical Kills . | . . . . Critical Parts Destroyed . | . . . . Critical Strikes . | . . . . Melee Attacks . | . . . . Impact . | . . . . Slashing . | . . . . Piercing . | . . . . Sneak Attacks . | . . . . Combat Hostiles . | . . . . Follow-up Attacks . | . . . . Damage Inflicted 625 | 124 97 113 291 Guns 221 | 124 97 . . Cannons . | . . . . Explosions 404 | . . 113 291 Melee . | . . . . Ramming . | . . . . Kinetic 112 | 70 42 . . Thermal 109 | 54 55 . . Explosive 404 | . . 113 291 Electromagnetic . | . . . . Impact . | . . . . Slashing . | . . . . Piercing . | . . . . Highest Corruption . | . . . . Average Corruption . | . . . . Corruption Purged . | . . . . Corruption Blocked . | . . . . Overload Shots . | . . . . Overflow Damage 33 | . . . 33 Projectiles . | . . . . Explosions 33 | . . . 33 Melee . | . . . . Knockbacks . | . . . . Impact . | . . . . Kinetic . | . . . . Secondary . | . . . . Self-Inflicted Damage . | . . . . Shots . | . . . . Rammed . | . . . . Targets Rammed . | . . . . Kicked . | . . . . Crushed . | . . . . Highest Temperature 16 | . 15 16 . Average Temperature 10 | . 10 10 . Received Heat Transfer 207 | . . 36 171 Siege Activations . | . . . . Martial Activations . | . . . . Shielding Activations . | . . . . Robots Disrupted . | . . . . Combat Hostiles . | . . . . Robots Corrupted . | . . . . Combat Hostiles . | . . . . Parts Fried . | . . . . Impact Corruptions . | . . . . Robots Melted . | . . . . Combat Hostiles . | . . . . Parts Melted . | . . . . Heat Transferred 250 | 125 125 . . Parts Sabotaged . | . . . . Parts Stolen . | . . . . Parts Stripped . | . . . . Power Chain Reactions . | . . . . Alert | -11 -10 -9 -8 ------- Run | Yrd Mat Mat Mat Maximum Alert Level . | . . . . Low Security (%) 100 | 100 100 100 100 Level 1 . | . . . . Level 2 . | . . . . Level 3 . | . . . . Level 4 . | . . . . Level 5 . | . . . . High Security . | . . . . Max Security . | . . . . Peak Influence 195 | 10 125 153 195 Initial 59 | . . 52 59 Average 55 | 1 37 89 88 Influence Increases 592 | 25 160 171 236 Destroy 0b10 Robot/C 180 | . 60 40 80 Destroy 0b10 Robot/NC 35 | 25 10 . . Destroy Leader 40 | . 10 20 10 Successful Hack 17 | . 5 12 . Disable Machine 15 | . . 15 . Destroy Structure 50 | . . 24 26 Partial Spotted 30 | . . 15 15 Lose Combat Pursuer 225 | . 75 45 105 Influence Decreases 397 | 25 35 153 184 Entered New Map 157 | . . 73 84 Time Decay 180 | 25 35 60 60 Lost Part 60 | . . 20 40 Squads Dispatched 1 | . 1 . . Investigation . | . . . . Extermination . | . . . . Reinforcement 1 | . 1 . . Assault . | . . . . Garrison . | . . . . Intercept . | . . . . Searches Triggered . | . . . . Construction Impeded . | . . . . Haulers Reinforced . | . . . . Active Scanning Responses . | . . . . Cargo Convoy Interrupts . | . . . . Stealth | -11 -10 -9 -8 --------- Run | Yrd Mat Mat Mat Distress Signals 3 | . 2 1 . Communications Jammed . | . . . . Distress Signals . | . . . . Times Spotted 37 | . 9 10 18 Peak Tracking Total 11 | . 6 7 11 Tactical Retreats 6 | . 1 3 2 Traps | -11 -10 -9 -8 ------- Run | Yrd Mat Mat Mat Traps Triggered . | . . . . Indirectly . | . . . . Trap Hack Attempts . | . . . . Triggered . | . . . . Disarmed . | . . . . Reprogrammed . | . . . . Reused . | . . . . Traps Extracted . | . . . . Installed . | . . . . Triggered . | . . . . Machines | -11 -10 -9 -8 ---------- Run | Yrd Mat Mat Mat Machines Disabled 1 | . . 1 . Max in Single Turn 1 | . . 1 . Machines Repaired . | . . . . Machines Dismantled . | . . . . Machines Sabotaged . | . . . . Overloaded Fab Kills . | . . . . Hacking | -11 -10 -9 -8 --------- Run | Yrd Mat Mat Mat Machines Accessed 8 | . 1 6 1 Terminals 7 | . 1 5 1 Fabricators . | . . . . Repair Stations . | . . . . Recycling Units . | . . . . Scanalyzers 1 | . . 1 . Garrison Access . | . . . . Total Hacks 22 | . 2 19 1 Successful 12 | . 2 10 . Failed 10 | . . 9 1 Catastrophic 2 | . . 1 1 Database Lockouts . | . . . . Manual 18 | . 2 15 1 Terminals 21 | . 2 18 1 Fabricators . | . . . . Repair Stations . | . . . . Recycling Units . | . . . . Scanalyzers 1 | . . 1 . Garrison Access . | . . . . Terminal Hacks 2 | . . 2 . Branch Access Points 1 | . . 1 . Zone Layout 1 | . . 1 . Fabricator Hacks . | . . . . Repair Station Hacks . | . . . . Recycling Unit Hacks . | . . . . Scanalyzer 1 | . . 1 . Retrieve Study 1 | . . 1 . Garrison Access Hacks . | . . . . Unauthorized Hacks 9 | . 2 7 . Terminals 9 | . 2 7 . Botnet 3 | . 1 2 . Skim 6 | . 1 5 . Fabricators . | . . . . Repair Stations . | . . . . Recycling Units . | . . . . Scanalyzers . | . . . . Garrison Access . | . . . . Data Cores Recovered 1 | . 1 . . Used . | . . . . Hacking Detections 6 | . 1 4 1 Full Trace Events . | . . . . Feedback Events . | . . . . Feedback Blocked . | . . . . Robot Schematics Acquired . | . . . . Robots Built . | . . . . Authchips . | . . . . Time . | . . . . Total Robot Build Rating . | . . . . Part Schematics Acquired . | . . . . Parts Built . | . . . . Authchips . | . . . . Time . | . . . . Total Part Build Rating . | . . . . Part Studies Acquired 1 | . . 1 . Parts Repaired . | . . . . Time . | . . . . Parts Recycled . | . . . . Recycled Matter . | . . . . Retrieved Matter . | . . . . Retrieved Components . | . . . . Parts Scanalyzed . | . . . . Part Schematics Acquired . | . . . . Parts Damaged . | . . . . Bothacking | -11 -10 -9 -8 ------------ Run | Yrd Mat Mat Mat Used RIF Installer . | . . . . Robots Hacked . | . . . . Non-combat . | . . . . Combat . | . . . . Robot Hacks Applied . | . . . . Relay Couplers Released . | . . . . Fabnet Peak Effective % . | . . . . Robots Rewired . | . . . . Allies Hacked . | . . . . Hacks Repelled . | . . . . Allies | -11 -10 -9 -8 -------- Run | Yrd Mat Mat Mat Total Allies . | . . . . Largest Group . | . . . . Highest-Rated Group . | . . . . Highest-Rated Ally . | . . . . Total Orders . | . . . . Ally Attacks . | . . . . Total Damage . | . . . . Kills . | . . . . Allies Corrupted . | . . . . Allies Melted . | . . . . Intel | -11 -10 -9 -8 ------- Run | Yrd Mat Mat Mat Active Infowar (turns) 179 | . . 125 54 Seismic 179 | . . 125 54 Robot Analysis Total . | . . . . Derelict Logs Recovered . | . . . . Drone Launches . | . . . . Drone Recoveries . | . . . . Exploration | -11 -10 -9 -8 ------------- Run | Yrd Mat Mat Mat Turns Passed 512 | 117 135 129 131 Spaces Moved 758 | 93 182 243 240 Core 229 | 93 37 1 98 Treads . | . . . . Legs . | . . . . Wheels 47 | . 47 . . Hover 9 | . . . 9 Flight 473 | . 98 242 133 Fastest Speed 34 | 50 37 34 40 Average Speed 46 | 50 55 37 46 Slowest Speed 100 | 50 100 50 100 Overloaded Moves . | . . . . Propulsion Burnouts . | . . . . Robots Hopped 6 | . . 4 2 Potential Cave-ins . | . . . . Cave-ins Triggered . | . . . . Exploration Rate (%) 30 | 4 45 34 37 Regions Visited 3 Branch Regions . Pre-discovered Areas . | . . . . Known Exits Taken . | . . . . Unknown Exits Taken 3 | 1 1 1 . Scrap Searched . | . . . . Spaces Dug . | . . . . Terrain Destroyed 57 | . . 28 29 Melee . | . . . . Projectile . | . . . . AOE 57 | . . 28 29 Terrain Rammed . | . . . . Walls Destroyed . | . . . . Machines Disabled . | . . . . Actions | -11 -10 -9 -8 --------- Run | Yrd Mat Mat Mat Total 870 | 141 204 271 254 Wait 45 | 24 5 16 . Move 743 | 92 181 234 236 Hop 6 | . . 4 2 Pick Up 15 | 7 2 2 4 Fast Attach 4 | . 2 . 2 Attach 14 | 2 3 5 4 Detach 7 | 2 1 3 1 Swap . | . . . . Drop 8 | 2 4 1 1 Fire 28 | 12 6 6 4 Melee . | . . . . Ram . | . . . . Kick . | . . . . Crush . | . . . . Escape Stasis . | . . . . Rewire . | . . . . Trap . | . . . . Miscellaneous . | . . . . Route ------- -11/Scrapyard -10/Materials (discovered 3 exits: *Mat x2 / [*Min]) -9/Materials (discovered 3 exits: *Mat / Min x2) -8/Materials History --------- Turn | Location | Event 3 | -11/Scrapyard | Discovered new exit (range 16) 118 | -11/Scrapyard | Entered Materials 154 | -10/Materials | Discovered new exit (range 16) 216 | -10/Materials | Discovered new exit (range 3) 244 | -10/Materials | Discovered new exit (range 16) 253 | -10/Materials | Entered another Materials area 253 | -9/Materials | Evolved 2 slots: Propulsion x1, Utility x1 302 | -9/Materials | Identified exit to Mines 355 | -9/Materials | Discovered new exit (range 4) 382 | -9/Materials | Entered another Materials area 382 | -8/Materials | Evolved 2 slots: Power x1, Propulsion x1 443 | -8/Materials | Core integrity fell below 50% 508 | -8/Materials | Core integrity fell below 20% 513 | -8/Materials | Destroyed by G-47 Trooper with Particle Gun Last Messages --------------- 00477_ K-01 Serf collects debris. 00478_ U-05 Engineer lays Concrete. 00479_ U-05 Engineer builds a Wall. 00481_ Acquired Airjet. 00483_ U-05 Engineer lays Concrete. 00483_ U-05 Engineer builds a Wall. 00485_ U-05 Engineer lays Concrete. 00486_ Acquired Flight Unit+. 00487_ U-05 Engineer lays Concrete. 00487_ U-05 Engineer builds a Wall. 00488_ Airjet destroyed. 00489_ U-05 Engineer lays Concrete. 00489_ U-05 Engineer builds a Wall. 00489_ Acquired Minigun. 00490_ U-05 Engineer lays Concrete. 00490_ U-05 Engineer builds a Wall. 00491_ U-05 Engineer lays Concrete. 00492_ U-05 Engineer builds a Wall. 00503_ Flight Unit+ destroyed. 00503_ Critical hit (Burn: +37). Map ----- +----------------------------------------------------+ | ???????????????????????????????????????????? | | ???????????????????????????????????????????? | | ???????????????????????????????????????????? | | ???????????????????????????????????????????? | | ???????????????????????????????????????????? | | ???????????????????????????????????????????? | | ???????????????????????????????????????????? | | ???????????????????????????????????????????? | | ???????????????????????????????????????????? | | ???????????????????????????????????????????? | | ???????????????????????????????????????????? | | ???????????????????????????????????????????? | | ???????????????????????????????????????????? | | ???????????????????????????????????????????? | | ?????????????????????????#########?????????? | | ????????????????????????? #?????????? | | ????????????????????????? #?????????? | | ????????????????????????? #?????????? | | ??????????????????????????[ ??????????? | | ?????????????????????????? ??????????? | | ???????????????????????????" ???????????? | | ???????????????????????????" ???????????? | | ???????????????????????????? ????????????? | | ???????????????????????????? ????????????? | | ?????????????##+#+###########+############## | | ?????????????# @ | | ?????????????# | | ?????????????# ]]] ] g | | ?????????????# ]]] ####### ### | | ?????????????# ggg] ""#???# #?? | | ?????????????# """ [[[T"#???# #?? | | ?????????????# """ [[ ""#???# #?? | | ?????????????# """ [[ ###???# #?? | | ?????????????+ #?????# #?? | | ?????????????# ? ! #?????# #?? | | ?????????????#? ##"T"##"T"#####?????# #?? | | ??????????????? ?#"""######?????????# #?? | | ??????????????? ??#####??????????????# #?? | | ?????????????????????????????????????# #?? | | ?????????????????????????????????????# #?? | | ?????????????????????????????????????# #?? | | ?????????????????????????????????????# #?? | | ?????????????????????????????????????# #?? | | ????????????????????????????????????## ##? | | ????????????????????????????????????# #? | | ?????????????????????????????######## ## | | ?????????????????????????????# + | | ?????????????????????????????# # ## | | ?????????????????????????????# # #? | | ?????????????????????????????# ?######## | +----------------------------------------------------+ Best States ------------- Heat Dissipation 31 Energy Generation 5 Energy Capacity 100 Matter Stores 300 Matter Capacity 300 Sight Range 16 Terrain Scan Density 10 Evasion (%) 63 Item Schematics ----------------- None Robot Schematics ------------------ None Fabricated ------------ Nothing Repaired ---------- Nothing Studied --------- Flight Unit | -9/Materials | Hacked Alien Tech Used ----------------- None Achievements -------------- None Challenges ------------ None Game ------ Seed InertialVisualGenerator Manual? 0 Play Time 00:12:06 Cumulative 323.8 hours Start 2026.09.23 @ 09:19:38 End 2026.09.23 @ 09:29:56 Sessions 1 Manual Loads 0 Difficulty Rogue Special Mode None Game No. 402 Rogue 402 Adventurer 0 Explorer 0 Win Type - Total 11 Types 8/0/1/1/0/0/0/1/0/0 Lore% 82 Gallery% 70 Achievement% 60 Wizard Run 0 Options --------- Layout 2 ASCII 0 Keyboard 0 Movement Mouse Keybinds 0 Fullscreen 1 Font 16/SmallcapsGlow Map View 50x49 Zoom Use 39% Tactical HUD 1 Map Filters NONE Filters NONE Steam SD RUN: 06e3a99d-9b01-4a19-98da-f4537afe7b87